 Dungeon Crawl Stone Soup version 0.31-a0-846-gb3bcc0d938 (webtiles) character file.

Game seed: 8395527921165184752

7694 gruber the Frost Mage (level 11, -3/81 HPs)
             Began as a Gnoll Ice Elementalist on Oct 3, 2023.
             Was a Believer of Vehumet.
             Killed by divine providence
             ... invoked by an orc priest
              (13 damage)
             ... on level 9 of the Dungeon.
             The game lasted 00:18:10 (9273 turns).

gruber the Frost Mage (Gnoll Ice Elementalist)      Turns: 9273, Time: 00:18:10

Health: -3/81      AC: 17    Str:  7    XL:     11   Next: 19%
Magic:  23/23      EV: 20    Int: 19    God:    Vehumet [**....]
Gold:   395        SH:  0    Dex: 13    Spells: 19/26 levels left

rFire   . . .        H - +4 trident (drain)
rCold   + . .        (no shield)
rNeg    . . .        I - +1 robe {rC+}
rPois   .            (no helmet)
rElec   .            G - +0 cloak
rCorr   .            (no gloves)
SInv    .            (no boots)
Will    .....        (no amulet)
Stlth   ++++         z - +4 ring of protection
HPRegen 0.33/turn    x - +5 ring of evasion
MPRegen 0.18/turn

%: no passive effects
@: ice-armoured
A: fangs 1, strong nose, distributed training
a: Renounce Religion


You were on level 9 of the Dungeon.
You worshipped Vehumet.
Vehumet was pleased with you.
You visited 2 branches of the dungeon, and saw 10 of its levels.

You collected 395 gold pieces.

Inventory:

Hand Weapons
 w - a +3 sling
 H - a +4 trident of draining (weapon)
Missiles
 a - 3 curare-tipped darts
 q - 52 poisoned darts
Armour
 D - an orb of energy
 G - a +0 cloak (worn)
 I - a +1 robe of cold resistance (worn)
Jewellery
 m - an amulet of the acrobat
 s - a ring of positive energy
 x - a +5 ring of evasion (right hand)
 y - a ring of wizardry
 z - a +4 ring of protection (left hand)
Wands
 p - a wand of mindburst (3)
 t - a wand of roots (29)
Scrolls
 d - 2 scrolls of enchant weapon {unknown}
 g - 3 scrolls of fear {unknown}
 k - 5 scrolls of teleportation {unknown}
 l - a scroll of enchant armour {unknown}
 n - 5 scrolls of identify {unknown}
 o - 2 scrolls of noise {unknown}
 r - a scroll of fog {unknown}
 u - a scroll of immolation {unknown}
 B - a scroll of acquirement {unknown}
 F - a scroll of poison {unknown}
 J - a scroll of silence {unknown}
 K - a scroll of brand weapon {unknown}
 M - a scroll of amnesia {unknown}
Potions
 b - a potion of magic
 c - a potion of lignification {unknown}
 f - a potion of might {unknown}
 h - 2 potions of resistance {unknown}
 i - 2 potions of degeneration
 j - 3 potions of enlightenment
 v - a potion of brilliance {unknown}
 A - 2 potions of mutation {unknown}
 C - 2 potions of attraction {unknown}
 E - a potion of haste {unknown}
 L - a potion of cancellation {unknown}


   Skills:
 + Level 6.1 Fighting
 + Level 6.1 Short Blades
 + Level 6.1 Long Blades
 + Level 6.1 Axes
 + Level 6.1 Maces & Flails
 + Level 6.1 Polearms
 + Level 6.1 Staves
 + Level 6.1 Ranged Weapons
 + Level 6.1 Throwing
 + Level 6.1 Armour
 + Level 7.8 Dodging
 + Level 7.5 Stealth
 + Level 6.1 Shields
 + Level 6.1 Unarmed Combat
 + Level 8.0 Spellcasting
 + Level 5.1 Conjurations
 + Level 5.1 Hexes
 + Level 5.1 Summonings
 + Level 5.1 Necromancy
 + Level 5.1 Translocations
 + Level 5.1 Transmutations
 + Level 5.1 Fire Magic
 + Level 8.9 Ice Magic
 + Level 5.1 Air Magic
 + Level 5.1 Earth Magic
 + Level 5.1 Poison Magic
 + Level 6.7 Invocations
 + Level 6.1 Evocations
 + Level 5.6 Shapeshifting


You had 19 spell levels left.
You knew the following spells:

 Your Spells              Type           Power      Damage    Failure   Level
a - Freeze                Ice            100%       1d10      1%          1
b - Frozen Ramparts       Ice            82%        1d13      1%          3
c - Ozocubu's Armour      Ice            41%        N/A       1%          3

Your spell library contained the following spells:

 Spells                   Type           Power      Damage    Failure   Level
 Volatile Blastmotes      Fire/Tloc      54%        2d14      3%          3
 Summon Ice Beast         Ice/Summ       34%        N/A       4%          4
 Summon Forest            Summ/Tloc      13%        N/A       30%         5
 Eringya's Noxious Bog    Tmut/Pois      13%        4d6       86%         6
 Summon Hydra             Summ           13%        N/A       100%        7


Dungeon Overview and Level Annotations

Branches:
Dungeon (9/15)             Temple (1/1) D:5            Lair (0/5) D:8
    Orc: D:9-12

Altars:
Ashenzari
Cheibriados
Dithmenos
Elyvilon
Fedhas
Gozag
Hepliaklqana
Kikubaaqudgha
Nemelex Xobeh
Okawaru
Qazlal
Ru
Sif Muna
Trog
Uskayaw
Vehumet
Wu Jian
Xom
Yredelemnul
The Shining One

Shops:
D:3 *

Annotations:
D:8 2 transporters, wvc's ghost, novice HuNe


Innate Abilities, Weirdness & Mutations

You have very sharp teeth.
Your uncanny sense of smell can sniff out nearby items.
Your experience applies equally to all skills.


Message History

You feel better.
The frozen ramparts melt away.
A magic dart appears from out of thin air!
The magic dart hits you but does no damage.
The orc priest calls down the wrath of Beogh upon you.
Beogh smites you!
* * * LOW HITPOINT WARNING * * *
The orc closely misses you. x2
The orc warrior hits you but does no damage.
Unknown command.
Unknown command.
Aiming: Corrosive Bolt
Press: ? - help, Shift-Dir - straight line, f - orc priest, p - orc warrior
Aim: an orc priest, wielding a +0 dagger (74% to hit)
The bolt of acid hits the orc warrior!
The acid corrodes the orc warrior!
The orc warrior is severely wounded.
The bolt of acid hits something!
The acid corrodes something!
Vehumet accepts your kill.
You feel your power returning.
Reactivating autopickup.
You feel a bit more experienced.
The bolt of acid hits the orc priest!
The acid corrodes the orc priest!
The orc priest is almost dead.
The orc misses you.
The orc priest looks braver for a moment.
The orc barely misses you. The orc warrior closely misses you.
Unknown command.
Unknown command.
Aiming: Corrosive Bolt
Press: ? - help, Shift-Dir - straight line, f - orc priest, p - orc priest
Aim: an orc priest, wielding a +0 short sword and wearing a +0 scale mail (77% to hit)
The bolt of acid hits the orc warrior!
The orc warrior seems to be corroded for longer.
You kill the orc warrior!
Vehumet accepts your kill.
The bolt of acid hits the orc priest!
The acid corrodes the orc priest!
The orc priest is heavily wounded.
The now-empty wand crumbles to dust.
The orc priest mumbles some strange prayers to Beogh against you.
Beogh smites you!
You die...

...# #.....
...####......
............
#...........
#oo.........
#..)........
#.)ooo...... #@o......
#........
######.................
#.........#............
##......................
#.......................
∆
#.......................
#.......................
##......................


You could see 2 orc priests and 4 orcs.

Vanquished Creatures
  Erica (D:8)
  Pikel (D:4)
  Maurice (D:8)
  Jeremiah (D:8)
  A kobold demonologist (D:8)
  Grinder (D:4)
  12 yaks (D:8)
  Grum (D:8)
  2 water moccasins
  An acid dragon (D:8)
  Duvessa (D:5)
  3 orc warriors (D:9)
  An ice beast (D:4)
  A black bear (D:6)
  2 ogres
  3 wolves (D:8)
  4 lemures (D:4)
  2 bullfrogs
  Blork the orc (D:5)
  12 kobold brigands (D:8)
  4 scorpions
  9 wights
  Dowan (D:5)
  A howler monkey (D:6)
  2 jellies
  A hound (D:5)
  A gnoll bouda (D:9)
  5 orc priests
  A sleepcap (D:7)
  Ijyb (D:3)
  An iguana (D:5)
  5 orc wizards
  4 gnolls (D:9)
  11 adders
  A shadow imp (D:4)
  A white imp (D:7)
  An ufetubus (D:6)
  6 worms
  4 dart slugs
  28 orcs
  7 ball pythons
  6 bats
  9 endoplasms
  A giant cockroach (D:1)
  5 goblins
  4 hobgoblins
  8 jackals
  3 quokkas
  3 frilled lizards
  20 kobolds
  4 rats
210 creatures vanquished.

Notes
Turn   | Place    | Note
-------+----------+-------------------------------------------
     0 | D:1      | gruber the Gnoll Ice Elementalist began the quest for the
                  | Orb.
     0 | D:1      | Reached XP level 1. HP: 13/13 MP: 6/6
   222 | D:1      | Reached XP level 2. HP: 19/19 MP: 2/7
   706 | D:2      | Reached skill level 5 in Spellcasting
   706 | D:2      | Reached XP level 3. HP: 14/25 MP: 5/9
   858 | D:2      | Learned a level 3 spell: Frozen Ramparts
   862 | D:2      | Learned a level 3 spell: Ozocubu's Armour
   904 | D:2      | Reached skill level 1 in Invocations
   987 | D:2      | Reached skill level 1 in Fighting
   987 | D:2      | Reached skill level 1 in Short Blades
   987 | D:2      | Reached skill level 1 in Long Blades
   987 | D:2      | Reached skill level 1 in Axes
   987 | D:2      | Reached skill level 1 in Maces & Flails
   987 | D:2      | Reached skill level 1 in Polearms
   987 | D:2      | Reached skill level 1 in Staves
   987 | D:2      | Reached skill level 1 in Ranged Weapons
   987 | D:2      | Reached skill level 1 in Throwing
   987 | D:2      | Reached skill level 1 in Armour
   987 | D:2      | Reached skill level 1 in Shields
   987 | D:2      | Reached skill level 1 in Unarmed Combat
   987 | D:2      | Reached skill level 1 in Evocations
  1141 | D:2      | Reached skill level 1 in Shapeshifting
  1141 | D:2      | Reached XP level 4. HP: 30/32 MP: 8/11
  1567 | D:3      | Reached skill level 1 in Conjurations
  1567 | D:3      | Reached skill level 1 in Hexes
  1567 | D:3      | Reached skill level 1 in Summonings
  1567 | D:3      | Reached skill level 1 in Necromancy
  1567 | D:3      | Reached skill level 1 in Translocations
  1567 | D:3      | Reached skill level 1 in Transmutations
  1567 | D:3      | Reached skill level 1 in Fire Magic
  1567 | D:3      | Reached skill level 1 in Air Magic
  1567 | D:3      | Reached skill level 1 in Earth Magic
  1567 | D:3      | Reached skill level 1 in Poison Magic
  1903 | D:3      | Noticed Ijyb
  1910 | D:3      | Killed Ijyb
  1913 | D:3      | Reached XP level 5. HP: 14/37 MP: 4/12
  2318 | D:3      | Found Qisul's General Store.
  2515 | D:3      | Found a broken altar of Ashenzari.
  2784 | D:4      | Noticed an ice beast
  2792 | D:4      | Killed an ice beast
  2793 | D:4      | Reached skill level 5 in Dodging
  2793 | D:4      | Reached XP level 6. HP: 20/44 MP: 7/14
  2995 | D:4      | Reached XP level 7. HP: 42/50 MP: 10/15
  3250 | D:4      | Noticed Grinder
  3251 | D:4      | Paralysed by Grinder for 2 turns
  3274 | D:4      | Killed Grinder
  3275 | D:4      | Reached skill level 5 in Stealth
  3368 | D:4      | Found a glowing golden altar of the Shining One.
  3799 | D:4      | Noticed Pikel
  3811 | D:4      | Killed Pikel
  3812 | D:4      | Reached XP level 8. HP: 48/58 MP: 1/17
  4019 | D:4      | Found a shimmering altar of Xom.
  4326 | D:5      | Entered Level 5 of the Dungeon
  4357 | D:5      | Found a sparkling altar of Nemelex Xobeh.
  4423 | D:5      | Noticed Blork the orc
  4428 | D:5      | Killed Blork the orc
  4493 | D:5      | Found a staircase to the Ecumenical Temple.
  4517 | Temple   | Entered the Ecumenical Temple
  4573 | Temple   | Became a worshipper of Vehumet
  4970 | D:5      | Noticed Duvessa
  4976 | D:5      | Noticed Dowan
  4978 | D:5      | Killed Duvessa
  4983 | D:5      | Killed Dowan
  5232 | D:5      | Found a shadowy altar of Dithmenos.
  5264 | D:5      | Found a snail-covered altar of Cheibriados.
  5318 | D:6      | Reached XP level 9. HP: 60/65 MP: 14/18
  5810 | D:6      | Found an ancient bone altar of Kikubaaqudgha.
  6077 | D:6      | Reached * piety under Vehumet
  6077 | D:6      | Offered knowledge of Magic Dart by Vehumet.
  7047 | D:7      | Reached skill level 5 in Invocations
  7412 | D:8      | Found an opulent altar of Gozag.
  7414 | D:8      | Noticed Grum
  7427 | D:8      | Killed Grum
  7559 | D:8      | Noticed Maurice
  7566 | D:8      | Killed Maurice
  7567 | D:8      | Reached XP level 10. HP: 73/73 MP: 15/20
  7589 | D:8      | Reached skill level 5 in Fighting
  7589 | D:8      | Reached skill level 5 in Short Blades
  7589 | D:8      | Reached skill level 5 in Long Blades
  7589 | D:8      | Reached skill level 5 in Axes
  7589 | D:8      | Reached skill level 5 in Maces & Flails
  7589 | D:8      | Reached skill level 5 in Polearms
  7589 | D:8      | Reached skill level 5 in Staves
  7589 | D:8      | Reached skill level 5 in Ranged Weapons
  7589 | D:8      | Reached skill level 5 in Throwing
  7589 | D:8      | Reached skill level 5 in Armour
  7589 | D:8      | Reached skill level 5 in Shields
  7589 | D:8      | Reached skill level 5 in Unarmed Combat
  7589 | D:8      | Reached skill level 5 in Evocations
  7657 | D:8      | Noticed Jeremiah
  7761 | D:8      | Killed Jeremiah
  7889 | D:8      | Noticed a kobold demonologist
  7901 | D:8      | Killed a kobold demonologist
  7908 | D:8      | Offered knowledge of Kiss of Death by Vehumet.
  7909 | D:8      | Reached ** piety under Vehumet
  7909 | D:8      | HP: 3/74 [kobold brigand/+1 short sword of speed (1)]
  7911 | D:8      | HP: 1/74 [poisoned by a kobold brigand (curare-tipped
                  | dart)]
  8160 | D:8      | Reached skill level 5 in Shapeshifting
  8399 | D:8      | Found a transporter.
  8425 | D:8      | Found a transporter.
  8487 | D:8      | Reached XP level 11. HP: 75/81 MP: 19/22
  8606 | D:8      | Found a staircase to the Lair.
  8758 | D:8      | Noticed wvc's ghost (novice HuNe)
  8931 | D:9      | Noticed Erica
  8940 | D:9      | Reached skill level 5 in Conjurations
  8940 | D:9      | Reached skill level 5 in Hexes
  8940 | D:9      | Reached skill level 5 in Summonings
  8940 | D:9      | Reached skill level 5 in Necromancy
  8940 | D:9      | Reached skill level 5 in Translocations
  8940 | D:9      | Reached skill level 5 in Transmutations
  8940 | D:9      | Reached skill level 5 in Fire Magic
  8940 | D:9      | Reached skill level 5 in Air Magic
  8940 | D:9      | Reached skill level 5 in Earth Magic
  8940 | D:9      | Reached skill level 5 in Poison Magic
  9205 | D:8      | Killed Erica
  9205 | D:8      | Offered knowledge of Volatile Blastmotes by Vehumet.
  9273 | D:9      | Killed from afar by an orc priest

Illustrated notes

Levels and vault maps discovered:
D:1:      minmay_arrival_shattered_statue, layout_basic
D:2:      layout_rooms
D:3:      layout_basic, ashenzari_conservatory_becter, serial_shops, shop,
          uniq_ijyb
D:4:      layout_basic, lemuel_coloured_pillars_altar, tso_oasis_becter,
          grunt_ministairs_15, fountainhead, minmay_stone_trees_small,
          dk_noncrumbling_4, kennysheep_windowed_goal, uniq_grinder, uniq_pikel
D:5:      layout_basic, old_standard_altar, mainiacjoe_overflow_two_lobes,
          minmay_temple_entry_mini_moons, corexii_shack, minmay_liquid_box,
          uniq_duvessa, uniq_blork_the_orc
D:6:      layout_loops_cross, amcnicky_altar_gilded
D:7:      layout_loops_ring, grunt_decor_fettered
D:8:      layout_loops_ring, grunt_gozag_statues, lair_entry_dummy,
          gammafunk_ghost_stat_death, special_room [special_room_kobold],
          uniq_jeremiah, uniq_grum, uniq_maurice
D:9:      layout_cross, david_orc_4, minmay_statue_bubble, uniq_erica
Temple:   nicolae_temple_godzebo

Skill      XL: |  1  2  3  4  5  6  7  8  9 10 11 |
---------------+----------------------------------+-----
Spellcasting   | 5 6 7 8 |  8.0
Invocations    | 1 2 3 4 5 6 |  6.7
Fighting       | 1 2 3 4 5 6 |  6.1
Short Blades   | 1 2 3 4 5 6 |  6.1
Long Blades    | 1 2 3 4 5 6 |  6.1
Axes           | 1 2 3 4 5 6 |  6.1
Maces & Flails | 1 2 3 4 5 6 |  6.1
Polearms       | 1 2 3 4 5 6 |  6.1
Staves         | 1 2 3 4 5 6 |  6.1
Ranged Weapons | 1 2 3 4 5 6 |  6.1
Throwing       | 1 2 3 4 5 6 |  6.1
Armour         | 1 2 3 4 5 6 |  6.1
Shields        | 1 2 3 4 5 6 |  6.1
Unarmed Combat | 1 2 3 4 5 6 |  6.1
Evocations     | 1 2 3 4 5 6 |  6.1
Shapeshifting  | 1 2 3 4 5 |  5.6
Conjurations   | 1 2 3 4 5 |  5.1
Hexes          | 1 2 3 4 5 |  5.1
Summonings     | 1 2 3 4 5 |  5.1
Necromancy     | 1 2 3 4 5 |  5.1
Translocations | 1 2 3 4 5 |  5.1
Transmutations | 1 2 3 4 5 |  5.1
Fire Magic     | 1 2 3 4 5 |  5.1
Air Magic      | 1 2 3 4 5 |  5.1
Earth Magic    | 1 2 3 4 5 |  5.1
Poison Magic   | 1 2 3 4 5 |  5.1
Dodging        | 5 6 7 |  7.8
Stealth        | 5 6 7 |  7.5
Ice Magic      | 8 |  8.9

Action                     |  1- 3 |  4- 6 |  7- 9 | 10-12 || total
---------------------------+-------+-------+-------+-------++-------
  Melee: Unarmed           |    12 |     2 |       |       ||    14
         Bite              |     1 |     2 |       |     3 ||     6
         Punch             |     1 |       |       |       ||     1
         Dagger            |       |    22 |       |       ||    22
         Sling             |       |       |     1 |       ||     1
         Trident           |       |       |       |    17 ||    17
   Fire: Sling             |       |       |   322 |   169 ||   491
  Throw: Dart              |       |       |     4 |       ||     4
   Cast: Freeze            |    54 |    50 |    14 |     4 ||   122
         Ozocubu's Armour  |       |     2 |    14 |    10 ||    26
         Frozen Ramparts   |       |     2 |    35 |    21 ||    58
  Evoke: Wand              |       |     3 |     1 |     2 ||     6
    Use: Potion            |       |       |       |     4 ||     4
   Stab: Sleeping          |       |     2 |       |       ||     2
 Armour: Robe              |    21 |    32 |    74 |    52 ||   179
  Dodge: Dodged            |    42 |    40 |   186 |    95 ||   363

Table legend: (Time is in decaauts)
 A = Elapsed time spent in this place.
 B = Non-inter-level travel time spent in this place.
 C = Inter-level travel time spent in this place.
 D = Time resting spent in this place.
 E = Time spent auto-exploring this place.
 F = Levels seen in this place.
 G = Mean time per level.
                   A        B        C        D        E       F      G
               +--------+--------+--------+--------+--------+-----+--------+
         Total |   9407 |   9042 |    365 |    307 |   7178 |  10 |  940.7 |
       Dungeon |   9325 |   8986 |    339 |    307 |   7167 |   9 | 1036.1 |
        Temple |     81 |     56 |     25 |      0 |     11 |   1 |   81.0 |
               +--------+--------+--------+--------+--------+-----+--------+

Top non-repeatable levels by time:
     D:8: 1799 daAuts
     D:4: 1580 daAuts
     D:3: 1202 daAuts
     D:7: 1156 daAuts
     D:5: 916 daAuts
     D:6: 914 daAuts
     D:2: 870 daAuts
     D:1: 690 daAuts
     D:9: 193 daAuts
  Temple: 81 daAuts
